 Dungeon Crawl Stone Soup version 0.22-a0-443-g17c3723 (webtiles) character file.

7 Gorglomux the Shield-Bearer (level 2, -2/19 HPs)
             Began as a Gargoyle Fighter on June 1, 2018.
             Slain by a gnoll
             ... wielding a +0 club
              (7 damage)
             ... on level 1 of the Dungeon.
             The game lasted 00:00:05 (109 turns).

Gorglomux the Shield-Bearer (Gargoyle Fighter)       Turns: 109, Time: 00:00:06

Health: -2/19      AC:  9    Str: 19    XL:     2   Next: 0%
Magic:  2/2        EV:  7    Int:  8    God:
Gold:   21         SH:  9    Dex:  9    Spells: 1/1 levels left

rFire    . . .     SeeInvis .   a - +0 war axe
rCold    . . .     Gourm    .   c - +0 shield
rNeg     + . .     Faith    .   b - +0 scale mail
rPois    ∞         Spirit   .   (no helmet)
rElec    +         Reflect  .   (no cloak)
rCorr    .         Harm     .   (no gloves)
MR       .....                  (no boots)
Stlth    ..........             (no amulet)
HPRegen  0.06/turn              (no ring)
MPRegen  0.08/turn              (no ring)

@: no status effects
A: negative energy resistance 1, electricity resistance, unbreathing,
petrification resistance, rot immunity, AC +2
a: no special abilities


You were on level 1 of the Dungeon.
You were not hungry.

You visited 1 branch of the dungeon, and saw 1 of its levels.

You collected 21 gold pieces.

Inventory:

Hand Weapons
 a - a +0 war axe (weapon)
Armour
 b - a +0 scale mail (worn)
 c - a +0 shield (worn)
Scrolls
 h - a scroll of remove curse {unknown}
Potions
 d - a potion of might
 i - a potion of heal wounds {unknown}
Comestibles
 f - 2 rations
 g - 5 chunks of flesh


   Skills:
 - Level 3.2 Fighting
 + Level 2.4 Axes
 - Level 3.2 Armour
 - Level 3.2 Shields


You had one spell level left.
You didn't know any spells.
Your spell library was empty.

Dungeon Overview and Level Annotations

Branches:
Dungeon (1/15)

Altars:


Innate Abilities, Weirdness & Mutations

You are resistant to torment.
Your stone body is resilient. (AC +2)
You are immune to poison.
You resist negative energy. (rN+)
You are resistant to electric shocks. (rElec)
You can survive without breathing.
You are immune to petrification.
You are immune to rotting.


Message History

Your shield and scale mail prevent you from hitting the gnoll!
The gnoll hits you with a butt! You block the gnoll's attack!
You closely miss the gnoll!
The gnoll hits you with a club! * * * don't die
* * * A gnoll is nearby!!!
You are too injured to fight recklessly!!!
You are too injured to fight recklessly!!!
You are too butt to fight recklessly!!!
You are too injured to fight recklessly!!!
Unknown command!
A gnoll is nearby!!!
You are too injured to fight recklessly!!!
You are butt injured to fight recklessly!!!
You are too injured to fight recklessly!!!
You are too injured to fight recklessly!!!
You barely miss the gnoll! You block the gnoll's attack!
You butt the gnoll into pieces!
The gnoll is moderately wounded!
The gnoll hits you with a club!!! rip

############
#..........#
#..........#
#.....@g...#
#..........#
#..........# ##
#..........# .#
########..........#
.###..........######.#
.....).......>.... )#
.##.........(.#### #
.##...........#


You could see a gnoll.

Vanquished Creatures
  A giant cockroach (D:1)
  A hobgoblin (D:1)
  2 jackals (D:1)
  2 rats (D:1)
6 creatures vanquished.

Notes
Turn   | Place    | Note
-------+----------+-------------------------------------------
     0 | D:1      | Gorglomux the Gargoyle Fighter began the quest for the Orb.
     0 | D:1      | Reached XP level 1. HP: 14/14 MP: 1/1
    83 | D:1      | Reached XP level 2. HP: 19/19 MP: 2/2
   109 | D:1      | Slain by a gnoll

Vault maps used:
D:1:      dpeg_arrival_orchard

Skill      XL: |  1 |
---------------+----+-----
Axes           | 2 |  2.4
Fighting       | |  3.2
Armour         | |  3.2
Shields        | |  3.2

Action                   || total
-------------------------++-------
Melee: War axe           ||    25
Armor: Scale mail        ||    13
Dodge: Dodged            ||    11
Block: Shield            ||    19

Table legend:
 A = Spawn XP
 B = Non-spawn XP
 C = Spawn XP percentage of total XP
 D = Spawn monster count
 E = Non-spawn monster count
 F = Spawn count percentage of total count
 G = Total turns spent on level
                    A         B        C        D         E        F      G
               +---------+---------+-------+---------+---------+-------+---------
         Total |       0 |      10 |   0.0 |       0 |       6 |   0.0 |   109
               +---------+---------+-------+---------+---------+-------+---------
           D:1 |       0 |      10 |   0.0 |       0 |       6 |   0.0 |   109
               +---------+---------+-------+---------+---------+-------+---------
